 Dungeon Crawl Stone Soup version 0.27.1-1-g398f81649c (console) character file.

Game seed: 14034725420835810632

140 om the Sneak (level 5, -1/28 HPs)
             Began as a Kobold Enchanter on Sept 16, 2021.
             Slain by a gnoll (11 damage)
             ... on level 3 of the Dungeon.
             The game lasted 00:07:18 (2661 turns).

om the Sneak (Kobold Enchanter)                     Turns: 2661, Time: 00:07:19

Health: -1/28      AC:  4    Str:  6    XL:     5   Next: 47%
Magic:  7/9        EV: 15    Int: 17    God:
Gold:   127        SH:  0    Dex: 15    Spells: 4/10 levels left

rFire    . . .     SeeInvis .   a - +2 dagger (venom)
rCold    . . .     Faith    .   (shield restricted)
rNeg     . . .     Spirit   .   g - +0 robe
rPois    .         Reflect  .   (no helmet)
rElec    .         Harm     .   (no cloak)
rCorr    .         Rampage  .   (no gloves)
Will     .....                  k - +1 pair of boots
Stlth    ++++......             (no amulet)
HPRegen  0.09/turn              (no ring)
MPRegen  0.11/turn              (no ring)

@: no status effects
A: small, no large weapons, nightstalker 3
a: no special abilities


You were on level 3 of the Dungeon.
You visited 1 branch of the dungeon, and saw 3 of its levels.

You collected 127 gold pieces.

Inventory:

Hand Weapons
 a - a +2 dagger of venom (weapon)
 b - a +0 short sword of holy wrath
 h - a +2 short sword of venom
Missiles
 n - a throwing net
Armour
 g - a +0 robe (worn)
 k - a +1 pair of boots (worn)
Wands
 e - a wand of acid (13)
Scrolls
 f - a scroll of fog {unknown}
 p - a scroll of amnesia {unknown}
Potions
 c - a potion of haste
 d - a potion of might
 i - a potion of resistance
 j - a potion of berserk rage
 l - a potion of ambrosia
 m - a potion of curing


   Skills:
 - Level 3.0 Short Blades
 + Level 3.7 Dodging
 - Level 5.0 Stealth
 - Level 3.0 Spellcasting
 + Level 3.7 Hexes


You had 4 spell levels left.
You knew the following spells:

 Your Spells              Type           Power      Damage    Failure   Level
a - Corona                Hex            16%        N/A       3%          1
b - Ensorcelled Hibernat  Hex/Ice        16%        N/A       12%         2
c - Confusing Touch       Hex            15%        N/A       11%         3

Your spell library contained the following spells:

 Spells                   Type           Power      Damage    Failure   Level
 Tukima's Dance           Hex            15%        N/A       11%         3
 Dazzling Flash           Conj/Hex       16%        N/A       24%         3
 Fulminant Prism          Conj/Hex       4%         3d6       63%         4
 Iskenderun's Mystic Bla  Conj/Tloc      2%         2d3       86%         4
 Lee's Rapid Deconstruct  Erth           1%         3d5*      99%         5
 Malign Gateway           Summ/Tloc      1%         N/A       100%        7
 Summon Horrible Things   Summ           1%         N/A       100%        8


Dungeon Overview and Level Annotations

Branches:
Dungeon (3/15)

Altars:
Elyvilon
Ru


Innate Abilities, Weirdness & Mutations

You are small and have problems with some larger weapons.
You are completely attuned to the shadows.


Message History

The bullfrog zombie misses you.
You hit the bullfrog zombie.
You destroy the bullfrog zombie!
Training target 3.0 for Spellcasting reached!
Your Spellcasting skill increases to level 3!
d - a scroll of identify Your +0 short sword of holy wrath stops glowing.
Your +2 dagger of venom begins to drip with poison!
a - a +2 dagger of venom (weapon)
You start resting.
HP restored.
As you read the scroll of identify, it crumbles to dust.
l - a potion of ambrosia
d - a potion of might
e - a wand of acid (13)
Found a sacrificial altar of Ru.
Found a whip.
You now have 117 gold pieces (gained 14).
You see here a +0 whip.
Found 10 gold pieces.
You now have 127 gold pieces (gained 10).
A gnoll comes into view. It is wielding a +0 flail.
You hit the gnoll.
The gnoll is moderately wounded.
The gnoll hits you with a +0 flail!
You barely miss the gnoll.
The gnoll is moderately wounded.
The gnoll misses you.
You hit the gnoll but do no damage.
The gnoll is poisoned.
The gnoll is moderately wounded.
The gnoll misses you. The gnoll barely misses you.
The gnoll hits you with a +0 flail!
Casting: Ensorcelled Hibernation (safe; 12% risk of failure)
Confirm with . or Enter, or press ? or * to list all spells.
Aiming: Ensorcelled Hibernation (safe; 12% risk of failure)
Press: ? - help, Shift-Dir - straight line, f - gnoll
Aim: a gnoll, wielding a +0 flail (moderately wounded, poisoned, chance to affect: 49%)
The gnoll resists with some effort.
The gnoll hits you with a +0 flail!
You die...

#.#.###....#
#..####
#...#......#
##.#
#####.#....#
.# #.#....#
.# #.######
## #.# #.
###.####
#####.##.
#......##
#.††#..#.
#.......#
#...##.#.
#.....g.#
#†..##...
#.....@.#
#...###..
#.......#
###...# #.#
#.......#
#.....# #..
#######.#
#....## ##.
#.# #....#
#.
#g#####....#
#g
#.[...'....#
####
#######....#
#... #....#
#... #g...#
#... #.####
####


You could see a gnoll (poisoned).

Vanquished Creatures
  A bullfrog zombie (D:3)
  2 gnolls (D:3)
  3 adders (D:3)
  3 worms
  An orc (D:3)
  4 ball pythons
  4 endoplasms
  3 hobgoblins
  4 jackals (D:3)
  7 kobolds
  3 quokkas
  3 bats
  2 frilled lizards
  4 goblins
  7 rats (D:1)
51 creatures vanquished.

Notes
Turn   | Place    | Note
-------+----------+-------------------------------------------
     0 | D:1      | om the Kobold Enchanter began the quest for the Orb.
     0 | D:1      | Reached XP level 1. HP: 10/10 MP: 3/3
   484 | D:1      | Reached XP level 2. HP: 15/15 MP: 5/5
  1091 | D:2      | Found a faded altar of an unknown god.
  1178 | D:2      | Reached XP level 3. HP: 19/19 MP: 6/6
  1196 | D:2      | Found a white marble altar of Elyvilon.
  1487 | D:2      | Learned a level 2 spell: Ensorcelled Hibernation
  1697 | D:1      | Learned a level 3 spell: Confusing Touch
  1972 | D:3      | Reached XP level 4. HP: 23/24 MP: 4/7
  2294 | D:3      | Reached skill level 5 in Stealth
  2294 | D:3      | Reached XP level 5. HP: 26/28 MP: 0/9
  2607 | D:3      | Found a sacrificial altar of Ru.
  2661 | D:3      | Slain by a gnoll

Illustrated notes

Levels and vault maps discovered:
D:1:      psy_arrival_spokes, layout_basic, minmay_tripent
D:2:      layout_loops_cross, hellmonk_ecumenical_altar_blasted, basic_altar
D:3:      layout_basic, nicolae_ru_path_of_blood

Skill      XL: |  1  2  3  4  5 |
---------------+----------------+-----
Short Blades   | 2 3 |  3.0
Dodging        | 3 |  3.7
Stealth        | 5 |  5.0
Spellcasting   | 3 |  3.0
Hexes          | |  3.7

Action                   |  1- 3 |  4- 6 || total
-------------------------+-------+-------++-------
Melee: Dagger            |    52 |    33 ||    85
       Short sword       |       |    11 ||    11
 Cast: Corona            |     1 |       ||     1
       Ensorcelled Hiber |     5 |     9 ||    14
  Use: Scroll            |     5 |     4 ||     9
 Stab: Sleeping          |    19 |    14 ||    33
Armor: Robe              |     8 |     8 ||    16
Dodge: Dodged            |    29 |    28 ||    57
